[Event "Early-Titled-Tuesday-Blitz-February-13-2024"]
[Site "Chess.com"]
[Date "2024.02.13"]
[Round "3"]
[White "Bugcrusher"]
[Black "Trendle"]
[Result "1-0"]
[WhiteElo "2455"]
[BlackElo "2615"]
[TimeControl "180+1"]
[EndTime "8:31:49 PST"]
[Termination "Bugcrusher won by resignation"]

1. d4 Nf6 2. c4 g6 3. Nc3 Bg7 4. e4 d6 5. Nf3 O-O 6. Be2 e5 7. O-O h6 8. Re1 a5 9. Bf1 Nc6 10. d5 Ne7 11. Rb1 Nd7 12. a3 f5 13. b4 Nf6 14. Nd2 f4 15. c5 g5 16. Nc4 g4 17.
cxd6 cxd6 18. bxa5 g3 19. f3 Rxa5 20. Nxa5 Qxa5 21.
Nb5 Ng6 22. h3 Nh4 23. Kh1 Nh7 24. Bd2 Qd8 25. Bb4 Rf6 26. Rc1 Bf8 27. Rxc8 Qxc8 28. Qc1 Qe8 29. Qc7 Qg6 30. Be2 Ng5 31. Qc8 h5 32. Rg1 Nxe4 33. fxe4 Qxe4 34. Nc3 Qg6 35. Bf3 Nxf3 36. gxf3 Qc2 37. Rg2 Qc1+ 38. Rg1 Qd2 39. Rg2 Qe1+ 40. Rg1 Qf2 41. Rg2 Qf1+ 42. Rg1 Qxh3+ 43. Qxh3 1-0

[Event "Early-Titled-Tuesday-Blitz-February-13-2024"]
[Site "Chess.com"]
[Date "2024.02.13"]
[Round "3"]
[White "FMStan15"]
[Black "FredddieCroderg"]
[Result "1-0"]
[WhiteElo "2022"]
[BlackElo "2309"]
[TimeControl "180+1"]
[EndTime "8:31:49 PST"]
[Termination "FMStan15 won on time"]

1. e4 c6 2. d4 d5 3. e5 Bf5 4.
Bd3 Bxd3 5. Qxd3 e6 6. c3 Qb6 7. Ne2 Qa6 8. Qf3 Nh6 9. Bxh6 gxh6 10. O-O Rg8 11. Ng3 Be7 12. Nh5 Rg6 13. Nd2 Nd7 14. b4 Qa4 15. Nb3 Qb5 16. a4 Qc4 17. Na5 Qa6 18. Nb3 Qc4 19. Na5 Qa6 20. Nb3 b6 21. Nf4 Rg7 22. Nh5 Rg6 23. Nf4 Rg5 24. h4 Rg8 25.
Qh5 Qc4 26. Nxe6 Rc8 27. Nf4 Qxb3 28. e6 Rg7 29. exd7+ Kxd7 30. Qf5+ Kd8 31. Nh5 Rg6 32. Qxf7 Qxc3 33. Qxh7 Qd3 34. Qh8+ Kd7 35. Qe5 Rcg8 36. Nf4 Rxg2+ 37. Nxg2 Qf3 38. Qh2 Bd6 39. Qh1 Rg4 40.
Rae1 Qd3 41. Re3 Qxd4 42. Qh3 Qxb4 43. f3 1-0

[Event "Early-Titled-Tuesday-Blitz-February-13-2024"]
[Site "Chess.com"]
[Date "2024.02.13"]
[Round "3"]
[White "Amirreza_p"]
[Black "lilleper1"]
[Result "0-1"]
[WhiteElo "2742"]
[BlackElo "2980"]
[TimeControl "180+1"]
[EndTime "8:31:50 PST"]
[Termination "lilleper1 won on time"]

1. e4 c5 2. c3 Nf6 3. e5 Nd5 4. d4 cxd4 5. cxd4 d6 6. Nf3 e6 7. Bd3 Be7 8. O-O Bd7 9. Nc3 Bc6 10. Ne4 dxe5 11. Nxe5 O-O 12. a3 Qb6 13. Bc2 Bb5 14.
Re1 Nd7 15. Bg5 Nxe5 16. dxe5 Rfd8 17. Qh5 g6 18. Qh4 Qc7 19. Rac1 Rac8 20. Nf6+ Bxf6 21. exf6 Qd6 22. Be4 Rxc1 23. Bxc1 Bc6 24. Bg5 Qe5 25. f3 h5 26. Bc1 Qxf6 27. Bg5 Qd4+ 28. Kh1 Rc8 0-1

[Event "Early-Titled-Tuesday-Blitz-February-13-2024"]
[Site "Chess.com"]
[Date "2024.02.13"]
[Round "3"]
[White "Nechitaylo_Nikita"]
[Black "zverr1"]
[Result "1-0"]
[WhiteElo "2330"]
[BlackElo "2569"]
[TimeControl "180+1"]
[EndTime "8:31:50 PST"]
[Termination "Nechitaylo_Nikita won on time"]

1. d4 Nf6 2. c4 g6 3. f3 Bg7 4. e4 O-O 5. Nc3 d6 6. Nge2 b6 7. Bg5 Bb7 8. Qd2 Nbd7 9. g4 c5 10. h4 cxd4 11. Nxd4 Rc8 12. h5 Ne5 13. hxg6 fxg6 14.
Be2 Qd7 15. Bh6 Rf7 16. b3 e6 17. Bxg7 Rxg7 18. Ndb5 d5 19. Qf4 a6 20. Qxe5 axb5 21.
Qxf6 b4 22. Nb5 Rf8 23. Qd4 e5 24. Qxe5 Re7 25. Qd4 Qe8 26. cxd5 1-0

[Event "Early-Titled-Tuesday-Blitz-February-13-2024"]
[Site "Chess.com"]
[Date "2024.02.13"]
[Round "3"]
[White "johnmez"]
[Black "onnoelgersma"]
[Result "1-0"]
[WhiteElo "2295"]
[BlackElo "2532"]
[TimeControl "180+1"]
[EndTime "8:31:50 PST"]
[Termination "johnmez won by resignation"]

1. d4 Nf6 2. c4 c5 3. d5 e6 4. Nc3 d6 5. e4 g6 6. Nge2 Bg7 7. Ng3 exd5 8. cxd5 h5 9. Be2 h4 10. Nf1 Na6 11. Bg5 h3 12. g3 O-O 13. Nd2 Re8 14. O-O Nc7 15. a4 Na6 16. Nc4 Nb4 17. f4 Qd7 18. Bf3 Nh7 19. Bh4 a6 20. Nb6 Bd4+ 21.
Kh1 Qc7 22. Nxa8 Qb8 23. Nb6 f5 24. Nxc8 Qxc8 25. Re1 Nf6 26. Bxf6 Bxf6 27. Qd2 Bd4 28. exf5 Rxe1+ 29. Rxe1 Qxf5 30. Be4 Qg4 31. Qe2 Qd7 32. Bxg6 Kg7 33. Bb1 Qf7 34. Qe7 1-0

[Event "Early-Titled-Tuesday-Blitz-February-13-2024"]
[Site "Chess.com"]
[Date "2024.02.13"]
[Round "3"]
[White "cukin84"]
[Black "secrethawk1"]
[Result "0-1"]
[WhiteElo "2225"]
[BlackElo "2491"]
[TimeControl "180+1"]
[EndTime "8:31:50 PST"]
[Termination "secrethawk1 won by resignation"]

1. e4 c6 2. d4 d5 3. exd5 cxd5 4. Bd3 Nc6 5. c3 Nf6 6. h3 g6 7. Nf3 Bg7 8. Bf4 O-O 9. O-O Bf5 10. Bxf5 gxf5 11.
Ne5 e6 12. Nd2 Rc8 13. Bh2 Ne4 14. Nxe4 fxe4 15. f3 Nxe5 16. Bxe5 Bxe5 17. dxe5 exf3 18. Qxf3 Qg5 19. Rae1 Kh8 20. Kh1 Rg8 21. Re2 Rg7 22. Qf6 Qxf6 23. Rxf6 Kg8 24. Kh2 Rc4 25. g4 b5 26. a3 a5 27. Rf3 h6 28. Rf6 Kh7 29. Ref2 Rc7 30. Kg3 h5 31. Kh4 hxg4 32. hxg4 Rb7 33.
Kh5 Kg8 34. g5 b4 35. cxb4 axb4 36. g6 bxa3 37. gxf7+ Rbxf7 38. Rxf7 Rxf7 39. Rxf7 Kxf7 40. bxa3 Ke7 41. Kg4 Kd7 42. Kf4 Kc6 43. Ke3 Kb5 44. Kd4 Ka4 0-1

[Event "Early-Titled-Tuesday-Blitz-February-13-2024"]
[Site "Chess.com"]
[Date "2024.02.13"]
[Round "3"]
[White "ukchessbomber"]
[Black "bubeliang"]
[Result "0-1"]
[WhiteElo "2604"]
[BlackElo "2845"]
[TimeControl "180+1"]
[EndTime "8:31:51 PST"]
[Termination "bubeliang won on time"]

1. b3 e5 2. Bb2 Nc6 3. e3 d6 4. d4 exd4 5. exd4 Nf6 6. d5 Ne5 7.
c4 Be7 8. Nf3 Ng6 9. Nbd2 O-O 10. Be2 Nd7 11. O-O Bf6 12. Qc2 Bxb2 13. Qxb2 Qf6 14. Qxf6 Nxf6 15. Rfe1 Bf5 16. Nd4 Bd7 17. Bd3 Rfe8 18. f3 a6 19. b4 Kf8 20. Kf2 Rxe1 21.
Rxe1 a5 22. bxa5 Rxa5 23. Ra1 Ne5 24. Bc2 g5 25. a4 Be8 26. N4b3 Rxa4 27. Rxa4 Bxa4 28.
Ke3 Bxb3 29. Bxb3 Nfd7 30. g3 Nc5 31. Bc2 Kg7 32. Bf5 b6 33. f4 gxf4+ 34. gxf4 Ng6 35. Nb1 Kf6 36. Bg4 Ne7 37. Nc3 Nf5+ 38. Bxf5 Kxf5 39.
Nb5 Na6 40. Kf3 Kf6 41. Kg4 Nb4 42. Nxc7 Nc2 43. Kf3 Na3 44. Ke4 Nxc4 45. Kd4 Na5 46.
Nb5 Ke7 47. Na7 Nb3+ 48. Kd3 Nc5+ 49. Kd4 Kd7 50. h3 Nb3+ 51. Kc3 Na5 52. Kd4 Nb7 53. Kc4 Nc5 54. Kd4 f5 55. Ke3 Ne4 56. Kf3 Nf6 57.
Kg3 Nxd5 58. Kf3 Nc7 0-1

[Event "Early-Titled-Tuesday-Blitz-February-13-2024"]
[Site "Chess.com"]
[Date "2024.02.13"]
[Round "3"]
[White "ActorXu"]
[Black "FARIZA2018"]
[Result "1-0"]
[WhiteElo "2812"]
[BlackElo "2511"]
[TimeControl "180+1"]
[EndTime "8:31:51 PST"]
[Termination "ActorXu won on time"]

1. e4 e5 2. Nf3 Nf6 3. Nxe5 d6 4.
Nd3 Nxe4 5. Qe2 Qe7 6. Nf4 c6 7.
d4 d5 8. f3 Nd6 9. Nc3 Bf5 10.
Qxe7+ Bxe7 11. Bd3 Bf6 12. Nce2 O-O 13. Bxf5 Nxf5 14.
c3 Nd7 15. g4 Nd6 16. h4 Rae8 17. Kf2 Bd8 18. Nd3 Bc7 19. Bf4 Nb5 20. a4 Bxf4 21. Nexf4 Nd6 22. Rhe1 Rxe1 23. Rxe1 Re8 24. Ra1 f6 25. a5 a6 26. b3 Kf7 27. Rc1 Rc8 28.
c4 dxc4 29. bxc4 c5 30. d5 Re8 31. Ne6 Ne5 32. Nxe5+ fxe5 33. Nxc5 Rc8 34. Ne4 Rxc4 35. Nxd6+ 1-0

[Event "Early-Titled-Tuesday-Blitz-February-13-2024"]
[Site "Chess.com"]
[Date "2024.02.13"]
[Round "3"]
[White "treadstone_71"]
[Black "KbzasDavid16"]
[Result "1-0"]
[WhiteElo "2300"]
[BlackElo "2545"]
[TimeControl "180+1"]
[EndTime "8:31:51 PST"]
[Termination "treadstone_71 won by checkmate"]

1. e4 c5 2. Nf3 d6 3. d4 cxd4 4. Nxd4 Nf6 5. Nc3 a6 6. Bg5 e6 7. f4 Nbd7 8. Qf3 Qc7 9. O-O-O b5 10. Bd3 Bb7 11. Rhe1 Qb6 12. Bxf6 Nxf6 13. Nd5 exd5 14. exd5+ Kd8 15. Nc6+ Bxc6 16. dxc6 Kc7 17. g4 Qxc6 18. Qg3 h6 19. g5 Nh5 20. Qg4 hxg5 21. fxg5 Rd8 22.
Be4 d5 23. Bf3 Bc5 24. Re5 Qd6 25. Rexd5 Qf4+ 26. Qxf4+ Nxf4 27. Rxc5+ Kb6 28. Rc6+ Ka5 29. Rxd8 Rxd8 30. a3 b4 31. Rc5+ Ka4 32. b3+ Kxa3 33. Ra5# 1-0

[Event "Early-Titled-Tuesday-Blitz-February-13-2024"]
[Site "Chess.com"]
[Date "2024.02.13"]
[Round "3"]
[White "HelvertHernandez"]
[Black "Zampronha1971"]
[Result "0-1"]
[WhiteElo "1948"]
[BlackElo "2319"]
[TimeControl "180+1"]
[EndTime "8:31:51 PST"]
[Termination "Zampronha1971 won by resignation"]

1. e4 c5 2. Nf3 e6 3. d4 cxd4 4. Nxd4 Nc6 5. Nc3 Qc7 6. Nb3 a6 7. Be3 b5 8. f3 Bb7 9. Qd2 Nf6 10.
g4 h6 11. O-O-O Rc8 12. h4 b4 13. Na4 d5 14. Bb6 Qb8 15. exd5 Nxd5 16. Re1 Be7 17. Bc4 Nxb6 18. Nxb6 Rd8 19. Qe3 Nd4 20. Nxd4 Bc5 21. Bxe6 Bxd4 22. Bxf7+ Kxf7 23. Qe6+ Kf8 24. Nd7+ Rxd7 25.
Qxd7 Bf6 26. f4 Bxh1 27. g5 Qd8 28. Qf5 hxg5 29. fxg5 Qd5 30. Qc8+ Bd8 31. Rf1+ Kg8 32. Qb7 Qxb7 0-1

[Event "Early-Titled-Tuesday-Blitz-February-13-2024"]
[Site "Chess.com"]
[Date "2024.02.13"]
[Round "3"]
[White "ChessSkool"]
[Black "vi_pranav"]
[Result "0-1"]
[WhiteElo "2689"]
[BlackElo "3043"]
[TimeControl "180+1"]
[EndTime "8:31:53 PST"]
[Termination "vi_pranav won on time"]

1. d4 Nf6 2. Nf3 e6 3. Bf4 b6 4. e3 Bb7 5. h3 Be7 6. Be2 O-O 7. O-O c5 8. a4 a6 9. c3 d6 10. Bh2 Nbd7 11. Nbd2 cxd4 12. exd4 Nd5 13. Re1 N7f6 14. Bf1 Re8 15. Qb3 Rb8 16. Ng5 Bf8 17. f3 g6 18.
Nge4 Nxe4 19. fxe4 Nf6 20. e5 dxe5 21. Bxe5 Rc8 22.
Bxf6 Qxf6 23. Qxb6 Rb8 24. Qc7 Bd5 25. b4 Qg5 26.
Ne4 Bxe4 27. Rxe4 Rec8 28. Qa7 Qg3 29. c4 Rxb4 30. Qxa6 Rcb8 31. c5 Bxc5 32. Rd1 Rxd4 33. Rexd4 Bxd4+ 34. Kh1 Be5 35. Kg1 Rb2 36. Qa8+ Kg7 0-1

[Event "Early-Titled-Tuesday-Blitz-February-13-2024"]
[Site "Chess.com"]
[Date "2024.02.13"]
[Round "3"]
[White "SergioMoralesG"]
[Black "Akewjon"]
[Result "0-1"]
[WhiteElo "2506"]
[BlackElo "2794"]
[TimeControl "180+1"]
[EndTime "8:31:53 PST"]
[Termination "Akewjon won on time"]

1. d4 Nf6 2. c4 e6 3. Nf3 d5 4. Nc3 Bb4 5. Bg5 h6 6. Bxf6 Qxf6 7. Qb3 Nc6 8. e3 Rf8 9. cxd5 exd5 10. Bb5 Bd7 11.
O-O Bxc3 12. Qxc3 O-O-O 13. Rac1 Qd6 14. Rc2 Nb8 15. Rfc1 c6 16. a4 g5 17. b4 g4 18.
Ne5 f6 19. Ng6 Rh8 20. Nxh8 Rxh8 21. Bd3 h5 22. e4 dxe4 23. Bxe4 f5 24. d5 Re8 25. dxc6 bxc6 26. Bxc6 Nxc6 27. b5 f4 28. bxc6 Bf5 29. Rd2 Qe6 30. Rdd1 h4 31. Qb4 Re7 32.
Rd6 Qe5 33. Rh6 g3 34. hxg3 hxg3 35. Qc3 Qxc3 0-1

[Event "Early-Titled-Tuesday-Blitz-February-13-2024"]
[Site "Chess.com"]
[Date "2024.02.13"]
[Round "3"]
[White "dropstoneDP"]
[Black "Harry_Rakkel"]
[Result "1-0"]
[WhiteElo "3066"]
[BlackElo "2695"]
[TimeControl "180+1"]
[EndTime "8:31:54 PST"]
[Termination "dropstoneDP won by resignation"]

1. e4 c6 2. d4 d5 3. e5 Bf5 4. Nf3 e6 5. Be2 a5 6. O-O a4 7. Nc3 Nd7 8. Rb1 b5 9. b3 a3 10. Bd3 Ne7 11. Bg5 Bg6 12. Ne2 Qa5 13. c4 b4 14. Rc1 h6 15. Bxe7 Bxe7 16. Bxg6 fxg6 17. Nf4 Nf8 18. cxd5 cxd5 19. Rc6 Kf7 20. Qd3 g5 21. Nxe6 Kg8 22. Rfc1 g4 23. Nd2 h5 24. Nf1 Rh6 25. Nxf8 Rxc6 26. Qh7+ Kxf8 27. Rxc6 Qd8 28.
Qh8+ Kf7 29. Qxh5+ Kg8 30. Qxg4 Qf8 31. Ne3 Qf7 32. g3 Rf8 33. f4 Qe8 34. Qe6+ Kh8 35. Nxd5 Qd8 36. Kf2 Re8 37. Ke3 Bf8 38. Qf7 Qa8 39.
Rh6+ gxh6 40. Nf6 Bg7 41. Qxe8+ 1-0

[Event "Early-Titled-Tuesday-Blitz-February-13-2024"]
[Site "Chess.com"]
[Date "2024.02.13"]
[Round "3"]
[White "gau_npukyputb"]
[Black "TimGrutter03"]
[Result "0-1"]
[WhiteElo "2845"]
[BlackElo "2646"]
[TimeControl "180+1"]
[EndTime "8:31:54 PST"]
[Termination "TimGrutter03 won on time"]

1. g3 g6 2. Nf3 Bg7 3. Bg2 d6 4. O-O Nc6 5. d4 e5 6. dxe5 Nxe5 7. Nc3 Nxf3+ 8. exf3 Ne7 9. Be3 Nf5 10. Re1 O-O 11.
Qd2 Nxe3 12. Rxe3 c6 13. Rae1 d5 14. Ne2 Bxb2 15. c4 Bg7 16. Rd3 Be6 17. cxd5 Bf5 18. Rb3 Qxd5 19. Qxd5 cxd5 20. Nf4 b6 21. Nxd5 Be6 22. f4 Rad8 23. Rd3 Kh8 24. Red1 Rc8 25. Ra3 Rfd8 26. Rxa7 Rc5 27. Bf3 h5 28. Ne3 Rxd1+ 29.
Nxd1 Rc1 30. Kg2 Ra1 31. a3 Bd4 32. Ne3 Bc5 33. a4 Ra2 34. Kf1 Bh3+ 35. Bg2 Bxg2+ 0-1

[Event "Early-Titled-Tuesday-Blitz-February-13-2024"]
[Site "Chess.com"]
[Date "2024.02.13"]
[Round "3"]
[White "Yeritsyaan"]
[Black "GMKrikor"]
[Result "0-1"]
[WhiteElo "2611"]
[BlackElo "2886"]
[TimeControl "180+1"]
[EndTime "8:31:55 PST"]
[Termination "GMKrikor won by resignation"]

1. d4 Nf6 2. Nc3 d5 3. Bf4 a6 4. e3 Bf5 5. Nf3 e6 6. Ne5 h6 7. g4 Bh7 8. h4 Nfd7 9. a3 Nxe5 10. Bxe5 c5 11. Bd3 Bxd3 12. Qxd3 Nc6 13. Bg3 Rc8 14. dxc5 Bxc5 15. e4 d4 16. Ne2 Qb6 17. b4 Be7 18. Rb1 O-O 19. g5 h5 20. f4 g6 21. O-O Rfe8 22. Kh2 Bd6 23. Rf3 Qc7 24. Rbf1 b5 25. R1f2 Rcd8 26. Kg2 a5 27. bxa5 Qxa5 28. f5 Bxg3 29. fxg6 fxg6 30. Rf6 Be5 31. Rxg6+ Bg7 32. Qf3 Ne5 33. Nf4 Nxf3 34. Rxf3 Rf8 35. Nxe6 Qd2+ 0-1

[Event "Early-Titled-Tuesday-Blitz-February-13-2024"]
[Site "Chess.com"]
[Date "2024.02.13"]
[Round "3"]
[White "profedechess93"]
[Black "Grandelicious"]
[Result "1-0"]
[WhiteElo "2632"]
[BlackElo "2880"]
[TimeControl "180+1"]
[EndTime "8:31:56 PST"]
[Termination "profedechess93 won by resignation"]

1. e4 c5 2. Nf3 e6 3. d4 cxd4 4. Nxd4 Nc6 5. Nc3 Qc7 6. Ndb5 Qb8 7. Be3 a6 8. Bb6 axb5 9. Nxb5 Bb4+ 10. c3 Ba5 11. Nc7+ Qxc7 12. Bxc7 Bxc7 13. Qg4 g6 14.
Bb5 Nge7 15. O-O O-O 16. a4 f5 17. Qh4 fxe4 18. Qxe4 d5 19. Qe2 e5 20. Rad1 Bf5 21.
b4 e4 22. a5 Ne5 23. h3 Rad8 24. Qa2 Kg7 25. Qb3 Bb8 26. a6 bxa6 27. Bxa6 Ba7 28. Ra1 d4 29. Bb5 Nc8 30. Ra6 d3 31. g4 Bd7 32.
Qd5 Nf3+ 33. Kh1 Bxb5 34. Qxb5 d2 35. Raa1 Bxf2 36. Qb7+ Rf7 37. Qxe4 Be1 38. Rxf3 d1=Q 39. Rxf7+ Kxf7 40. Rxd1 Rxd1 41. Qf3+ 1-0

[Event "Early-Titled-Tuesday-Blitz-February-13-2024"]
[Site "Chess.com"]
[Date "2024.02.13"]
[Round "3"]
[White "PedroGil25"]
[Black "LiamPutnam2008"]
[Result "1/2-1/2"]
[WhiteElo "2432"]
[BlackElo "2818"]
[TimeControl "180+1"]
[EndTime "8:31:56 PST"]
[Termination "Game drawn - insufficient material"]

1. e4 c5 2. Nf3 d6 3. d4 cxd4 4. Qxd4 Nf6 5. Nc3 a6 6. Bc4 Nc6 7. Qd3 g6 8. Bb3 Bg7 9. Bg5 O-O 10. O-O h6 11. Bh4 Bg4 12. h3 Bxf3 13. Qxf3 Rc8 14. Rfe1 Qa5 15. Nd5 Nxd5 16. exd5 Nd4 17. Qd3 g5 18. Bg3 Qc7 19. c3 Nxb3 20. axb3 Rfe8 21.
h4 Qd7 22. hxg5 hxg5 23. Ra4 e5 24. dxe6 Rxe6 25. Rae4 Rxe4 26. Qxe4 d5 27. Qe7 Qxe7 28. Rxe7 b5 29. Rd7 b4 30. Rxd5 bxc3 31. bxc3 Rxc3 32. Rxg5 f6 33. Ra5 Rc6 34. b4 Bf8 35. b5 axb5 36. Rxb5 Kf7 37. Rb7+ Kg6 38. Bf4 Rc2 39. Be3 Bd6 40.
g3 Be5 41. Kg2 Bd6 42. Kf3 Ra2 43. Rb6 Be5 44. g4 Ra4 45. g5 Kf5 46. gxf6 Bxf6 47. Rb5+ Kg6 48. Rb6 Kf5 49. Rb5+ Be5 50. Ke2 Ra2+ 51.
Kd3 Ra3+ 52. Kc4 Ke4 53. Rb3 Ra4+ 54. Rb4 Ra8 55. Kb5+ Kd5 56. f4 Bc3 57. Rb3 Bf6 58. Rd3+ Ke4 59. Rb3 Kd5 60. Rd3+ Ke4 61. Rb3 Rc8 62.
Bc5 Kxf4 63. Rb1 Ke4 64. Re1+ Kf5 65. Rf1+ Ke6 66. Re1+ Kd7 67. Rd1+ Kc7 68. Rf1 Bd8 69. Rf7+ Kb8 70. Bd6+ Bc7 71. Rxc7 Rxc7 72. Kb6 Kc8 73. Bxc7 1/2-1/2

[Event "Early-Titled-Tuesday-Blitz-February-13-2024"]
[Site "Chess.com"]
[Date "2024.02.13"]
[Round "3"]
[White "SpongeBob_03"]
[Black "wild3000"]
[Result "1-0"]
[WhiteElo "2226"]
[BlackElo "2413"]
[TimeControl "180+1"]
[EndTime "8:31:56 PST"]
[Termination "SpongeBob_03 won on time"]

1. e4 e6 2. d4 a6 3. Nc3 b5 4.
Nf3 Bb7 5. Bd3 d6 6. e5 c5 7.
dxc5 dxe5 8. Nxe5 Qc7 9. Bf4 Qxc5 10. O-O Nf6 11. Re1 Be7 12. Ng4 Nbd7 13. Ne5 Rd8 14. Qe2 O-O 15. Rad1 b4 16. Ne4 Nxe4 17. Bxe4 Bxe4 18.
Nxd7 Rxd7 19. Rxd7 Bd5 20. Qd3 Bf6 21. Bd6 Qc8 22.
Bxf8 Qxd7 23. Bxb4 Bxb2 24. c4 Qa4 25. a3 a5 26. cxd5 axb4 27. axb4 Qxb4 28. Rd1 exd5 29. Qxd5 h6 30. Qd8+ Kh7 31. Qd3+ 1-0

[Event "Early-Titled-Tuesday-Blitz-February-13-2024"]
[Site "Chess.com"]
[Date "2024.02.13"]
[Round "3"]
[White "NewYearGirl"]
[Black "MikeSailer"]
[Result "1-0"]
[WhiteElo "2402"]
[BlackElo "2164"]
[TimeControl "180+1"]
[EndTime "8:31:56 PST"]
[Termination "NewYearGirl won on time"]

1. e4 d5 2. exd5 Qxd5 3. Nc3 Qd6 4. d4 c6 5. Bc4 Nf6 6. Nge2 Bg4 7. f3 Bf5 8. Bf4 Qb4 9. Bb3 e6 10. Bc7 Na6 11.
a3 Qe7 12. Be5 h5 13. O-O Qd8 14. Ng3 Bg6 15. Nge4 Be7 16. Ng5 Nc7 17. Qe1 Ncd5 18. Qg3 h4 19. Qh3 Ne3 20. Rfe1 Bf5 21. g4 Nexg4 22. fxg4 Nxg4 23. Qf1 Bxg5 24. Bxg7 Rg8 25. Qxf5 Rxg7 26. Bxe6 Qxd4+ 27. Kh1 Nf2+ 28. Kg2 Bd2+ 29.
Kf3 Bxe1 30. Rxe1 fxe6 31. Qxe6+ Kf8 32. Re4 Qd7 33. Rf4+ Rf7 34. Qxd7 Rxf4+ 35. Kxf4 1-0

[Event "Early-Titled-Tuesday-Blitz-February-13-2024"]
[Site "Chess.com"]
[Date "2024.02.13"]
[Round "3"]
[White "lachesisQ"]
[Black "NovoselovRoman"]
[Result "1-0"]
[WhiteElo "3051"]
[BlackElo "2539"]
[TimeControl "180+1"]
[EndTime "8:31:57 PST"]
[Termination "lachesisQ won by resignation"]

1. e4 d5 2. exd5 Qxd5 3. Nc3 Qd6 4. d4 Nf6 5. Nb5 Qb6 6. Nf3 c6 7. Na3 Bg4 8. c3 e6 9. Nc4 Qc7 10. h3 Bh5 11. g4 Bg6 12. Nfe5 Nbd7 13. Bf4 Nxe5 14. Bxe5 Qd7 15. Bg2 Be4 16. Bxe4 Nxe4 17. Qe2 Qd5 18. Ne3 Qa5 19. O-O h5 20. Nc4 Qd5 21.
f3 Nd6 22. Nxd6+ Bxd6 23. c4 Qa5 24. Bxd6 hxg4 25. hxg4 O-O-O 26. c5 Qb4 27. Rad1 Rh3 28. Kg2 Rdh8 29. Bg3 Qa4 30. b3 Qa5 31. Qe5 Kd7 32. Qxg7 Qxa2+ 33. Rf2 Rh2+ 34. Bxh2 Rxh2+ 35. Kxh2 Qxf2+ 36. Kh3 Qxf3+ 37. Kh4 Qxd1 38. Qxf7+ Kd8 39. Qf8+ Kd7 40. Qd6+ Ke8 41. Qxe6+ Kd8 42. Qf6+ Kd7 43. Kh5 Qh1+ 44. Kg6 Qg2 45. g5 b6 46. Kg7 bxc5 47. dxc5 Qd5 48. Qd6+ Qxd6 49. cxd6 Kxd6 50. g6 c5 51. Kf8 c4 52.
bxc4 1-0

[Event "Early-Titled-Tuesday-Blitz-February-13-2024"]
[Site "Chess.com"]
[Date "2024.02.13"]
[Round "3"]
[White "ErikRonka"]
[Black "MatthewG-p4p"]
[Result "0-1"]
[WhiteElo "2514"]
[BlackElo "2830"]
[TimeControl "180+1"]
[EndTime "8:31:57 PST"]
[Termination "MatthewG-p4p won by checkmate"]

1. e4 e6 2. d4 d5 3. exd5 exd5 4. Nf3 Nf6 5. Bd3 c5 6. O-O Nc6 7. Re1+ Be7 8. dxc5 O-O 9. a3 Bxc5 10. b4 Bb6 11.
Bb2 Bg4 12. Nbd2 Bh5 13. h3 Rc8 14. Qe2 Qd6 15. Qf1 Qf4 16. b5 Nd4 17. Bxd4 Bxd4 18.
Nxd4 Qxd4 19. Nb3 Qf4 20. Re7 Rc7 21. Rae1 Qd6 22. Rxc7 Qxc7 23. f3 Bg6 24. Rd1 Re8 25. Bxg6 hxg6 26. Qd3 Qg3 27. Nd4 Nh5 28. Ne2 Qe5 29. Kf2 b6 30. Rd2 Qe7 31. Qd4 Qxa3 32. Qxd5 Qe3+ 33. Kf1 Ng3+ 34. Nxg3 Qe1# 0-1

[Event "Early-Titled-Tuesday-Blitz-February-13-2024"]
[Site "Chess.com"]
[Date "2024.02.13"]
[Round "3"]
[White "Khromkin"]
[Black "Lion-Al-Messi"]
[Result "0-1"]
[WhiteElo "2319"]
[BlackElo "2589"]
[TimeControl "180+1"]
[EndTime "8:31:57 PST"]
[Termination "Lion-Al-Messi won on time"]

1. d4 Nf6 2. c4 b6 3. Nf3 Bb7 4. g3 e6 5. Bg2 c5 6. dxc5 Bxc5 7. O-O O-O 8. a3 a5 9. b3 Nc6 10. Bb2 Qe7 11. Nc3 Rab8 12. Na4 d6 13. Qc2 Rfd8 14. Rfd1 Rd7 15. Ng5 e5 16. e3 h6 17. Ne4 Nxe4 18.
Bxe4 Na7 19. Nc3 b5 20. Nd5 Qd8 21. Bf5 Bxd5 22. Bxd7 Bf3 23. Bf5 bxc4 24. Qxc4 Qf6 25. Bh3 Bxd1 26. Rxd1 Qf3 27. Rd3 Qc6 28. Bg2 Qb6 29. Bd5 Rf8 30. Kg2 Nc8 31. h4 Ne7 32. Be4 Kh8 33. Rd1 f5 34. Bc2 Qb7+ 35. Kh2 Qf3 36. Rd2 f4 37. Qd3 fxg3+ 38. fxg3 g6 39. Qe4 Qf1 40. b4 Rf2+ 41. Rxf2 Qxf2+ 42. Kh3 Bxe3 0-1

[Event "Early-Titled-Tuesday-Blitz-February-13-2024"]
[Site "Chess.com"]
[Date "2024.02.13"]
[Round "3"]
[White "LaPiToB"]
[Black "JeFumeDesClopes"]
[Result "0-1"]
[WhiteElo "2313"]
[BlackElo "2586"]
[TimeControl "180+1"]
[EndTime "8:31:58 PST"]
[Termination "JeFumeDesClopes won by resignation"]

1. d4 Nf6 2. c4 a6 3. Nc3 c5 4. d5 b5 5. cxb5 axb5 6. Nxb5 Ne4 7.
Nc3 Nxc3 8. bxc3 g6 9. Bd2 Bg7 10. e4 O-O 11. Nf3 d6 12. Bd3 Qa5 13. Qc2 Bg4 14. O-O Bxf3 15. gxf3 Nd7 16. c4 Qa3 17. Rab1 Ne5 18. Rb3 Qxa2 19. Kg2 Qxc2 20. Bxc2 Ra2 21.
Rc1 Nxc4 22. Bg5 Bb2 23. Rb1 Bf6 24. Bxf6 exf6 25. Bd3 Nd2 26. R1b2 Nxb3 27. Rxa2 Nc1 28. Rd2 Rb8 29. Bc4 Rb4 30. Rc2 Nb3 31. Bxb3 Rxb3 32.
Rc4 Rb4 33. Rc3 Kg7 34. Kf1 f5 35. Re3 Kf6 36. Ke2 f4 37. Rc3 Ke5 38. Kd2 Rb2+ 39. Ke1 f5 40. h4 fxe4 41. fxe4 Kxe4 42. Rh3 Kxd5 43. h5 g5 44. h6 c4 45. Rh5 Kd4 46. Rxg5 c3 47. Rg7 Rb1+ 48. Ke2 c2 0-1

[Event "Early-Titled-Tuesday-Blitz-February-13-2024"]
[Site "Chess.com"]
[Date "2024.02.13"]
[Round "3"]
[White "ChessGiantYouTube"]
[Black "DvaHrasta"]
[Result "0-1"]
[WhiteElo "2236"]
[BlackElo "2499"]
[TimeControl "180+1"]
[EndTime "8:31:58 PST"]
[Termination "DvaHrasta won on time"]

1. g3 d5 2. Bg2 c5 3. d3 Nc6 4.
e3 e5 5. Ne2 Bg4 6. h3 Bh5 7. b3 Nf6 8. Bb2 Be7 9. Nd2 O-O 10.
g4 Bg6 11. Ng3 b5 12. h4 h5 13. gxh5 Bh7 14. Qe2 a5 15. Nf3 e4 16. Ng5 exd3 17.
cxd3 a4 18. Nxh7 Kxh7 19. O-O axb3 20. axb3 Rxa1 21. Rxa1 Nb4 22. Bc3 d4 23. exd4 cxd4 24. Bxb4 Bxb4 25. Ne4 Nxe4 26. Bxe4+ f5 27. Bg2 Qxh4 28.
Ra7 Qg5 29. Qe5 Rc8 30. Ra1 Rd8 31. Qg3 Qxh5 32. Qh3 Qxh3 33. Bxh3 g6 34. Kg2 Rc8 35. Ra7+ Kh6 36. Rb7 Rc3 37. Rxb5 Rxb3 38. Kh2 Bd6+ 0-1

[Event "Early-Titled-Tuesday-Blitz-February-13-2024"]
[Site "Chess.com"]
[Date "2024.02.13"]
[Round "3"]
[White "atalz0"]
[Black "Sofia_Blokhin"]
[Result "0-1"]
[WhiteElo "2453"]
[BlackElo "2250"]
[TimeControl "180+1"]
[EndTime "8:31:59 PST"]
[Termination "Sofia_Blokhin won on time"]

1. d4 f5 2. g3 Nf6 3. Bg2 g6 4. Nh3 Bg7 5. c4 O-O 6. Nc3 d6 7. d5 c6 8. O-O a5 9. Be3 cxd5 10.
Nxd5 Ra6 11. Qd2 Nc6 12. Rac1 Ng4 13. Bf4 e5 14. Bg5 Qd7 15. f3 Nf6 16. Nxf6+ Bxf6 17. Rfd1 Nd4 18. e3 Ne6 19. Bxf6 Rxf6 20. c5 Nf8 21. Qc3 Rc6 22. Qxa5 Qe7 23. cxd6 Rfxd6 24. e4 Qd7 25. Qe1 fxe4 26. fxe4 Qc7 27. Nf2 Ne6 28. Rxc6 Rxc6 29. Ng4 Nd4 30. Ne3 Be6 31. Nd5 Bxd5 32. exd5 Rc2 33.
d6 Qxd6 34. Be4 Qc5 35. Kh1 Re2 36. Qf1 Rxb2 0-1

[Event "Early-Titled-Tuesday-Blitz-February-13-2024"]
[Site "Chess.com"]
[Date "2024.02.13"]
[Round "3"]
[White "yuriydovzik"]
[Black "Caroexpert"]
[Result "0-1"]
[WhiteElo "2114"]
[BlackElo "2547"]
[TimeControl "180+1"]
[EndTime "8:32:00 PST"]
[Termination "Caroexpert won on time"]

1. e4 e5 2. Nf3 d6 3. d4 exd4 4. Nxd4 Nf6 5. Nc3 Nc6 6. Be2 Be7 7. O-O O-O 8. Bf4 Nxd4 9. Qxd4 Be6 10. Bc4 Nd7 11.
Bxe6 fxe6 12. Be3 Ne5 13. h3 c5 14. Qd1 Nc4 15. Bc1 Bf6 16. Qd3 Ne5 17. Qe2 Nc6 18. Be3 Qb6 19. Rab1 Nd4 20. Qd3 Qc6 21. Ne2 Nxe2+ 22. Qxe2 Qxe4 23. Qb5 Qc6 24. Qxc6 bxc6 25. Rfd1 Rfd8 26. c4 Rab8 27. b3 a5 28. Rd3 a4 29.
Kf1 Kf7 30. Ke2 axb3 31. axb3 Ra8 32. f4 e5 33. fxe5 Bxe5 34. b4 Ra2+ 35. Kf3 cxb4 36. Rxb4 Ke6 0-1